 Dungeon Crawl Stone Soup version 0.29-a0-1027-gcd8c55af63 (webtiles) character file.

Game seed: 10156812095527949786

189 Newt the Trooper (level 5, -4/42 HPs)
             Began as a Demonspawn Monk on Aug 12, 2022.
             Slain by a kobold brigand
             ... wielding a +0 whip
              (7 damage)
             ... in a sewer.
             The game lasted 00:06:51 (3483 turns).

Newt the Trooper (Demonspawn Monk)                  Turns: 3483, Time: 00:06:52

Health: -4/42      AC:  3    Str: 20    XL:     5   Next: 40%
Magic:  1/7        EV: 12    Int: 11    God:
Gold:   128        SH:  0    Dex: 15    Spells: 4/7 levels left

rFire   . . .      SeeInvis .   l - +0 halberd (pain)
rCold   . . .      Faith    +   (shield currently unavailable)
rNeg    . . .      Spirit   .   b - +1 robe
rPois   .          Reflect  .   (no helmet)
rElec   .          Harm     .   (no cloak)
rCorr   .          Rampage  .   (no gloves)
Will    .....                   (no boots)
Stlth   +.........              e - amulet of faith
HPRegen 0.14/turn               p - +6 ring of strength
MPRegen 0.10/turn               (no ring)

@: confusing by touch, very slow
A: demonic magic 2
a: no special abilities


You were in a sewer.
You visited 1 branch of the dungeon, and saw 4 of its levels.
You also visited: Sewer.

You collected 128 gold pieces.

Inventory:

Hand Weapons
 a - a +0 hand axe of flaming
 l - a +0 halberd of pain (weapon)
 s - a +1 vorpal falchion
Armour
 b - a +1 robe (worn)
Jewellery
 e - an amulet of faith (around neck)
 p - a +6 ring of strength (left hand)
Scrolls
 q - a scroll of brand weapon
 r - a scroll of poison {unknown}
 t - a scroll of summoning {unknown}
Potions
 d - 2 potions of magic
 f - a potion of cancellation
 g - 2 potions of haste {unknown}
 i - 4 potions of curing {unknown}
 j - a potion of might {unknown}
 k - a potion of mutation {unknown}
 n - a potion of brilliance {unknown}
 o - 2 potions of heal wounds {unknown}
 u - a potion of degeneration {unknown}


   Skills:
 - Level 4.2 Fighting
 - Level 3.6(3.7) Axes
 - Level 0.8(2.4) Polearms
 - Level 2.6 Dodging
 - Level 1.7 Stealth
 * Level 1.7 Spellcasting
 * Level 2.0 Hexes


You had 4 spell levels left.
You knew the following spells:

 Your Spells              Type           Power      Damage    Failure   Level
a - Confusing Touch       Hex            5%         N/A       36%         3

Your spell library contained the following spells:

 Spells                   Type           Power      Damage    Failure   Level
 Conjure Flame            Conj/Fire      0%         6-21      65%         3
 Ignite Poison            Fire/Tmut/Pois 0%         N/A       65%         3
 Sticky Flame             Conj/Fire      0%         2d3       96%         4
 Yara's Violent Unravell  Hex/Tmut       1%         3d3       99%         5
 Enfeeble                 Hex            2%         N/A       100%        7


Dungeon Overview and Level Annotations

Branches:
Dungeon (4/15)              Sewer (1/1)
 Temple: D:4-7

Altars:


Innate Abilities, Weirdness & Mutations

Spells you cast may paralyse nearby enemies.


Message History

The kobold brigand hits you with a +0 whip!
Your unstable footing causes you to fumble your attack.
The kobold brigand splashes around in the water.
Unknown command.
You completely miss the kobold brigand.
The kobold brigand is almost dead.
The kobold brigand barely misses you.
You barely miss the kobold brigand.
The kobold brigand is almost dead.
The kobold brigand hits you with a +0 whip.
* * * LOW HITPOINT WARNING * * *
The kobold brigand hits you but does no damage.
Unknown command.
Your unstable footing causes you to fumble your attack.
The kobold brigand closely misses you.
Your unstable footing causes you to fumble your attack.
The kobold brigand hits you with a +0 whip.
* * * LOW HITPOINT WARNING * * *
The kobold brigand barely misses you.
Unknown command.
You barely miss the kobold brigand.
The kobold brigand is almost dead.
The kobold brigand splashes around in the water.
Your unstable footing causes you to fumble your attack.
The kobold brigand splashes around in the water.
Unknown command.
Casting: Confusing Touch (quite dangerous; 36% risk of failure)
Confirm with . or Enter, or press ? or * to list all spells.
The spell is quite dangerous to miscast (36% risk of failure)!
Continue anyway?
Your hands begin to glow red.
Malevolent energies surge around you.
The kobold brigand hits you with a +0 whip.
* * * LOW HITPOINT WARNING * * *
Unknown command.
Reach: l) +0 halberd (pain)
Press: ? - help, Dir - move target, f/p - kobold brigand
Aim: a kobold brigand, wielding a +0 whip and quivering poisoned darts (almost dead, chance to confuse on hit: 38%, about 42% to evade your +0 halberd of pain)
Your unstable footing causes you to fumble your attack.
The kobold brigand splashes around in the water.
The kobold brigand hits you with a +0 whip!
You die...

~..#
#.~.#
..~#
#~~~#
~~~##
##~~~##
~~~~#
#~~~..#
###~#
#~###~#
# #~#
#~ #.#
###~##
#.
##†##
~#~~~#
~~
#.~~#
~#~#~#
~ #~#@#
~#~#~#
#~#K#
~#~#~#
#~#~#
.#.#.#
#.#.#
######
#####


You could see a kobold brigand.

Vanquished Creatures
  A kobold brigand (Sewer)
  3 gnolls (D:2)
  A river rat (D:3)
  An adder (Sewer)
  A worm (Sewer)
  4 orcs (D:4)
  3 bats (D:1)
  9 endoplasms
  5 giant cockroaches
  6 goblins
  4 hobgoblins
  3 jackals (D:1)
  3 quokkas
  5 ball pythons
  4 frilled lizards (D:1)
  2 kobolds
  4 rats
59 creatures vanquished.

Notes
Turn   | Place    | Note
-------+----------+-------------------------------------------
     0 | D:1      | Newt the Demonspawn Monk began the quest for the Orb.
     0 | D:1      | Reached XP level 1. HP: 18/18 MP: 1/1
   414 | D:1      | Gained mutation: Spells you cast may paralyse adjacent
                  | enemies. [demonic ancestry]
   414 | D:1      | Reached XP level 2. HP: 24/24 MP: 2/2
   580 | D:1      | Found a faded altar of an unknown god.
  1172 | D:1      | Reached XP level 3. HP: 29/29 MP: 3/3
  1574 | D:2      | Reached skill level 4 in Fighting
  1820 | D:2      | Reached XP level 4. HP: 37/37 MP: 4/4
  2387 | D:3      | Found a glowing drain.
  2752 | Sewer    | Entered a sewer
  2776 | Sewer    | Noticed a kobold brigand
  2794 | Sewer    | Killed a kobold brigand
  2795 | Sewer    | Reached skill level 1 in Spellcasting
  2795 | Sewer    | Reached skill level 1 in Hexes
  2795 | Sewer    | Gained mutation: Spells you cast may paralyse nearby
                  | enemies. [demonic ancestry]
  2795 | Sewer    | Reached XP level 5. HP: 15/42 MP: 4/7
  3358 | Sewer    | Learned a level 3 spell: Confusing Touch
  3483 | Sewer    | Slain by a kobold brigand

Illustrated notes

Levels and vault maps discovered:
D:1:      zelgadis_glass_arrival_small, layout_rooms,
          ebering_ecumenical_altar_ruins, serial_park_tiny_1,
          chequers_serial_rivers_micro_a
D:2:      layout_basic
D:3:      layout_basic, trog_hazing_becter, portal_sewer_entry_c,
          small_statue_intersection
D:4:      minmay_door_path, layout_basic
Sewer:    sewer_co_tree

Skill      XL: |  1  2  3  4  5 |
---------------+----------------+-----
Axes           | 3 |  3.6
Fighting       | 4 |  4.2
Spellcasting   | 1 |  1.7
Hexes          | 1 2 |  2.0
Polearms       | |  0.8
Dodging        | |  2.6
Stealth        | |  1.7

Action                   |  1- 3 |  4- 6 || total
-------------------------+-------+-------++-------
Melee: Hand axe          |    92 |    21 ||   113
       Punch             |     1 |     1 ||     2
       Halberd           |     3 |   118 ||   121
 Cast: Confusing Touch   |       |     3 ||     3
  Use: Scroll            |     3 |     5 ||     8
       Potion            |     1 |     1 ||     2
 Stab: Sleeping          |     3 |     1 ||     4
       Confused          |       |     3 ||     3
       Paralysed         |       |     2 ||     2
Armor: Robe              |    21 |    13 ||    34
Dodge: Dodged            |    62 |    74 ||   136

Table legend: (Time is in decaauts)
 A = Elapsed time spent in this place.
 B = Non-inter-level travel time spent in this place.
 C = Inter-level travel time spent in this place.
 D = Time resting spent in this place.
 E = Time spent auto-exploring this place.
 F = Levels seen in this place.
 G = Mean time per level.
                   A        B        C        D        E       F      G
               +--------+--------+--------+--------+--------+-----+--------+
         Total |   3604 |   3484 |    120 |    915 |   1999 |   5 |  720.8 |
       Dungeon |   2782 |   2662 |    120 |    526 |   1749 |   4 |  695.5 |
         Sewer |    822 |    822 |      0 |    389 |    250 |   1 |  822.0 |
               +--------+--------+--------+--------+--------+-----+--------+

Top non-repeatable levels by time:
     D:1: 1270 daAuts
     D:2: 960 daAuts
   Sewer: 822 daAuts
     D:3: 504 daAuts
     D:4: 47 daAuts
